Map: Prion Terraces

Players

meeK - Winner!

  • Race: Protoss Protoss
  • League: Grandmaster
  • Spawn Location: 11:00

NoRegreT

  • Race: Zerg Zerg
  • League: Master
  • Spawn Location: 5:00

VOD

Have the link to the VOD?

Description

meeK vs NoRegreT

Time

  • Played on: Jan. 9, 2016, 10:05 a.m.
  • Length: 5:17
Show
View Real Time Build Order
Export as new Build Order

meeK Protoss - Winner!

Build Orders:  

Get SALT Encoding   

  12  0:01  Probe (Chrono Boost)  
  13  0:11  Probe (Chrono Boost)  
  14  0:22  Probe (Chrono Boost)  
  15  0:31  Pylon  
  15  0:52  Gateway  
  15  0:54  Gateway  
  15  0:57  Gateway  
  15  1:07  Gateway  
  15  1:15  Pylon  
  15  1:18  Probe (Chrono Boost)  
  18  1:42  Zealot (Chrono Boost)  
  18  1:43  Zealot (Chrono Boost)  
  18  1:46  Zealot (Chrono Boost)  
  22  1:55  Pylon  
  22  1:58  Zealot (Chrono Boost)  
  26  2:08  Zealot (Chrono Boost)  
  26  2:11  Zealot (Chrono Boost)  
  26  2:14  Zealot (Chrono Boost)  
  32  2:26  Zealot (Chrono Boost)  
  32  2:36  Zealot (Chrono Boost)  
  36  2:39  Zealot (Chrono Boost)  
  36  2:42  Zealot (Chrono Boost)  
  36  2:53  Zealot (Chrono Boost)  
  35  3:00  Pylon  
  37  3:08  Zealot (Chrono Boost)  
  31  3:14  Zealot (Chrono Boost)  
  31  3:18  Zealot (Chrono Boost)  
  33  3:32  Zealot (Chrono Boost)  
  35  3:35  Zealot (Chrono Boost)  
  35  3:39  Zealot (Chrono Boost)  
  29  3:49  Zealot (Chrono Boost)  
  27  3:59  Zealot (Chrono Boost)  
  27  4:00  Zealot (Chrono Boost)  
  29  4:12  Zealot (Chrono Boost)  
  29  4:17  Zealot (Chrono Boost)  
  31  4:23  Zealot (Chrono Boost)  
  33  4:35  Zealot (Chrono Boost)  
  33  4:36  Zealot (Chrono Boost)  
  29  4:46  Zealot (Chrono Boost)  
Show
View Real Time Build Order
Export as new Build Order

NoRegreT Zerg 

Build Orders: Hatch First 

Get SALT Encoding   

  12  0:02  Drone  
  13  0:08  Drone  
  14  0:24  Drone, Extractor x2  
  14  0:25  Drone  
  16  0:31  Overlord  
  16  0:55  Drone  
  16  0:56  Hatchery  
  16  0:59  Drone  
  17  1:09  Extractor  
  16  1:13  Spawning Pool  
  16  1:14  Drone  
  16  1:17  Drone  
  17  1:22  Drone  
  18  1:30  Drone  
  19  1:40  Overlord  
  19  1:50  Drone  
  20  2:00  Queen  
  22  2:02  Drone  
  22  2:07  Queen  
  25  2:08  Drone  
  25  2:12  Metabolic Boost  
  26  2:17  Drone  
  26  2:19  Zergling x2  
  27  2:23  Spine Crawler, Zergling x2  
  26  2:37  Zergling x4  
  23  2:44  Zergling x2  
  23  2:45  Zergling x2  
  23  2:51  Zergling x2  
  26  2:56  Zergling x2  
  22  3:11  Zergling x4  
  20  3:13  Zergling x2  
  20  3:17  Zergling x2  
  22  3:21  Zergling x2  
  18  3:36  Zergling x2  
  12  4:06  Zergling x2  
  12  4:07  Zergling x4  
  15  4:16  Zergling x2  
  16  4:17  Zergling x2  
  16  4:36  Zergling x2  
  12  4:45  Zergling x2  
  12  4:47  Zergling x2  
  12  4:52  Zergling x2  
  12  4:58  Zergling x2  
Tags
 
Add a new tag
Caveats
  • Supply blocks, unpowered buildings, or Contaminate may cause inaccurate times.
  • Supply counts are checked every 10 seconds.